 Dungeon Sprint DCSS version 0.20.1-1-g8b1a95d (webtiles) character file.

27231 potatolord6000 the Apostle (level 13, -1/134 HPs)
             Began as a Hill Orc Fighter on Aug 31, 2017.
             Was a High Priest of Beogh.
             Slain by an ettin
             ... wielding a cursed -3 dire flail
              (17 damage)
             ... in the Dungeon (Sprint VII: "The Pits").
             The game lasted 00:17:07 (2919 turns).

potatolord6000 the Apostle (Hill Orc Fighter)       Turns: 2919, Time: 00:17:07

Health: -1/134     AC: 23    Str: 24    XL:     13   Next: 31%
Magic:  10/26      EV:  2    Int:  8    God:    Beogh [*****.]
Gold:   40         SH:  0    Dex: 13    Spells: 12/12 levels left

rFire    . . .     SeeInvis .   w - +5 scimitar (flame)
rCold    . . .     Gourm    .   c - +4 shield
rNeg     + + +     Faith    .   x - +4 chain mail
rPois    ∞         Spirit   .   z - +0 helmet
rElec    .         Reflect  .   y - +0 cloak
rCorr    .         Harm     .   (no gloves)
MR       .....     NoTele   +   a - +0 pair of boots
Stlth    ..........             (no amulet)
Regen    0.4/turn               r - +3 ring of dexterity
MPRegen  0.2/turn               s - +3 ring of evasion

@: petrified
A: walk on water
a: Smiting, Recall Orcish Followers, Give Item to Named Follower, Renounce
Religion


You were in the Dungeon.
You worshipped Beogh.
Beogh was extremely pleased with you.
You were not hungry.

You visited 1 branch You collected 40 gold pieces.

Inventory:

Hand Weapons
 e - a +0 long sword of holy wrath
 w - a +5 scimitar of flaming (weapon)
Armour
 a - a +0 pair of boots (worn)
 c - a +4 shield (worn)
 x - a +4 chain mail (worn)
 y - a +0 cloak (worn)
 z - a +0 helmet (worn)
 C - a +1 plate armour
Jewellery
 r - a +3 ring of dexterity (left hand)
 s - a +3 ring of evasion (right hand)
Scrolls
 k - a scroll of blinking
 m - 5 scrolls of remove curse
 n - 5 scrolls of amnesia
 o - a scroll of summoning
 A - a scroll of recharging
 B - 2 scrolls of fog
 D - a scroll of fear
Potions
 b - 6 potions of heal wounds
 d - 2 potions of might
 g - 7 potions of curing
 h - 7 potions of haste
 j - 4 potions of berserk rage
 l - a potion of invisibility
 t - a potion of resistance
 v - a potion of brilliance
Comestibles
 f - 8 bread rations
 p - 44 fruits
 q - 6 meat rations


   Skills:
 + Level 18.0 Fighting
 + Level 16.6 Long Blades
 + Level 16.6 Armour
 + Level 16.6 Shields
 + Level 18.9 Invocations


You had 12 spell levels left.
You didn't know any spells.

Dungeon Overview and Level Annotations

Branches:
Dungeon (1/1)

Altars:
Ashenzari
Cheibriados
Dithmenos
Elyvilon
Fedhas
Gozag
Hepliaklqana
Kikubaaqudgha
Makhleb
Nemelex Xobeh
Okawaru
Qazlal
Ru
Sif Muna
Trog
Uskayaw
Vehumet
Xom
Yredelemnul
Zin
The Shining One
Beogh
Jiyva
Lugonu


Message History

The ogre mage points at you and mumbles some strange words.
The bolt of cold hits the lich.
The lich resists.
The bolt of cold hits you!
The lich gestures at you while chanting.
Helpless, you fail to dodge the bolt of acid.
You are splashed with acid!
The acid burns!
The deep elf annihilator gestures wildly while chanting.
The deep elf annihilator blinks!
A cyclops comes into view.
The cyclops shouts!
The lich casts a spell at you. The crystal spear hits you!
* * * LOW HITPOINT WARNING * * *
The ettin hits you with a dire flail!
* * * LOW HITPOINT WARNING * * *
The ettin hits you but does no damage.
The lich points at you and mumbles some strange words.
The ettin hits you with a dire flail!
* * * LOW HITPOINT WARNING * * *
The ettin hits you with a great mace!!
You die...

..# ##[..# ..#
##)..## ..#
.###++###..)###
..#
.C.......))##.#
..#
.e....#).)#|!#
#'#
#...###[.'/}#
..#
##...#...#|!#
#'#
..#...C....##.#
o.#
....)OL@....###
.[#
.##++##...#..##
!)# ##.###..#
..# #..#)..#
.=# ##....##
### ######


You could see a lich, a deep elf annihilator, an ettin, an ogre mage and a
cyclops.

Vanquished Creatures
  A lich (D)
  A quicksilver dragon (D)
  2 nagarajas (D)
  A deep elf sorcerer (D)
  A draconian shifter (D)
  A deep elf demonologist (D)
  2 deep elf annihilators (D)
  A naga warrior (D)
  A centaur warrior (D)
  An ice dragon (D)
  A vampire mage (D)
  A deep elf knight (D)
  A wizard (D)
  A naga ritualist (D)
  A swamp dragon (D)
  A lindwurm (D)
  2 deep elf magi (D)
  2 manticores (D)
  2 elephants (D)
  A merfolk siren (D)
  Joseph (D)
  2 orange demons (D)
  A smoke demon (D)
  2 naga magi (D)
  A molten gargoyle (D)
  A rime drake (D)
  An efreet (D)
  An ice devil (D)
  A guardian mummy (D)
  A tyrant leech (D)
  2 bog bodies (D)
  A yak (D)
  A shadow (D)
  A wyvern (D)
  A ynoxinul (D)
  A chaos spawn (D)
  An acid dragon (D)
  A small abomination (D)
  2 floating eyes (D)
  An orc warrior (D)
  A wolf (D)
  An ogre (D)
  2 centaurs (D)
  3 scorpions (D)
  A crimson imp (D)
  An iron imp (D)
  An orc priest (D)
  A hell rat (D)
  2 worker ants (D)
  A mummy (D)
  An ooze (D)
  A worm (D)
  An orc (D)
  A goblin (D)
  3 hobgoblins (D)
  4 jackals (D)
  A quokka (D)
  A ball python (D)
  A ball python simulacrum (D)
  A frilled lizard (D)
  A kobold (D)
  A leopard gecko skeleton (D)
80 creatures vanquished.

Vanquished Creatures (collateral kills)
  An electric golem (D)
  A naga sharpshooter (D)
  An orc knight (D)
  A black mamba (D)
  A rime drake (D)
  A hippogriff (D)
  A flying skull (D)
  3 yaks (D)
  Grum (D)
  A warg (D)
  An acid dragon (D)
  A naga (D)
  A necrophage (D)
  3 wolves (D)
  An orc wizard (D)
  An iron imp (D)
  2 oozes (D)
  2 orcs (D)
24 creatures vanquished.

Vanquished Creatures (others)
  3 orc knights (D)
  An orc warrior (D)
  An orc priest (D)
  4 orcs (D)
9 creatures vanquished.

Grand Total: 113 creatures vanquished

Notes
Turn   | Place    | Note
-------+----------+-------------------------------------------
     0 | D        | potatolord6000 the Hill Orc Fighter began the quest for the Orb.
     0 | D        | Reached XP level 1. HP: 19/19 MP: 1/1
    20 | D        | Found a bloodstained altar of Trog.
    20 | D        | Found a deep blue altar of Sif Muna.
    20 | D        | Found a viscous altar of Jiyva.
    20 | D        | Found a hazy altar of Hepliaklqana.
    20 | D        | Found an opulent altar of Gozag.
    44 | D        | Found a glowing golden altar of the Shining One.
    44 | D        | Found a glowing silver altar of Zin.
    44 | D        | Found a basalt altar of Yredelemnul.
    44 | D        | Found a shimmering altar of Xom.
    44 | D        | Found a sacrificial altar of Ru.
    44 | D        | Found a stormy altar of Qazlal.
    44 | D        | Found an iron altar of Okawaru.
    44 | D        | Found a sparkling altar of Nemelex Xobeh.
    44 | D        | Found a burning altar of Makhleb.
    44 | D        | Found a blossoming altar of Fedhas.
    44 | D        | Found a white marble altar of Elyvilon.
    44 | D        | Found a shadowy altar of Dithmenos.
    44 | D        | Found a snail-covered altar of Cheibriados.
    47 | D        | Found a corrupted altar of Lugonu.
    47 | D        | Found a radiant altar of Vehumet.
    47 | D        | Found a roughly hewn altar of Beogh.
    48 | D        | Found an ancient bone altar of Kikubaaqudgha.
    48 | D        | Found a hide-covered altar of Uskayaw.
    48 | D        | Found a shattered altar of Ashenzari.
    64 | D        | Became a worshipper of Beogh the Brigand
    98 | D        | Reached skill level 1 in Invocations
   161 | D        | Noticed a worker ant
   164 | D        | Reached XP level 2. HP: 24/27 MP: 1/3
   171 | D        | Reached * piety under Beogh
   171 | D        | Reached XP level 3. HP: 25/35 MP: 1/5
   356 | D        | Reached ** piety under Beogh
   366 | D        | Reached skill level 5 in Fighting
   573 | D        | Noticed an ogre
   574 | D        | Noticed a scorpion
   581 | D        | Noticed a scorpion
   583 | D        | Killed an ogre
   583 | D        | Reached skill level 5 in Long Blades
   583 | D        | Reached skill level 5 in Armour
   583 | D        | Reached skill level 5 in Shields
   583 | D        | Reached skill level 5 in Invocations
   583 | D        | Reached XP level 4. HP: 44/44 MP: 3/8
   583 | D        | Reached XP level 5. HP: 50/50 MP: 3/9
   588 | D        | Reached *** piety under Beogh
   613 | D        | Reached **** piety under Beogh
   613 | D        | Reached XP level 6. HP: 45/60 MP: 3/11
   700 | D        | Noticed a manticore
   702 | D        | Killed a manticore
   702 | D        | Reached XP level 7. HP: 70/70 MP: 8/13
   763 | D        | Noticed a deep elf mage
   771 | D        | Killed a deep elf mage
   771 | D        | Reached skill level 10 in Fighting
   771 | D        | Reached skill level 10 in Invocations
   771 | D        | Reached XP level 8. HP: 79/79 MP: 7/15
   847 | D        | Noticed an orc knight
   847 | D        | Noticed Grum
   849 | D        | Killed an orc knight
   849 | D        | Reached ***** piety under Beogh
   851 | D        | Killed Grum
   851 | D        | Reached skill level 10 in Armour
   851 | D        | Reached skill level 10 in Shields
   860 | D        | Reached skill level 10 in Long Blades
   860 | D        | Reached XP level 9. HP: 41/89 MP: 7/17
  1194 | D        | Noticed an elephant
  1197 | D        | Killed an elephant
  1210 | D        | Noticed a rime drake
  1213 | D        | Killed a rime drake
  1281 | D        | Noticed a molten gargoyle
  1283 | D        | Killed a molten gargoyle
  1339 | D        | Noticed a manticore
  1345 | D        | Killed a manticore
  1362 | D        | Noticed a rime drake
  1364 | D        | Killed a rime drake
  1364 | D        | Reached XP level 10. HP: 100/100 MP: 15/19
  1372 | D        | Noticed an orange demon
  1374 | D        | Killed an orange demon
  1461 | D        | Reached ****** piety under Beogh
  1595 | D        | Noticed a deep elf mage
  1597 | D        | Killed a deep elf mage
  1610 | D        | Gained Syrus as an ally
  1623 | D        | Noticed a black mamba
  1627 | D        | Killed a black mamba
  1646 | D        | Noticed a smoke demon
  1646 | D        | Paralysed by a floating eye for 4 turns
  1650 | D        | Noticed an orc knight
  1659 | D        | Killed a smoke demon
  1659 | D        | Reached XP level 11. HP: 88/110 MP: 17/21
  1659 | D        | Your ally Syrus died
  2235 | D        | Noticed a lindwurm
  2235 | D        | Noticed a deep elf knight
  2238 | D        | Killed a deep elf knight
  2238 | D        | Reached skill level 15 in Invocations
  2240 | D        | Killed a lindwurm
  2343 | D        | Noticed a naga sharpshooter
  2344 | D        | Noticed a naga ritualist
  2345 | D        | Noticed a naga warrior
  2346 | D        | Killed a naga ritualist
  2346 | D        | Reached skill level 15 in Fighting
  2350 | D        | Killed a naga warrior
  2354 | D        | Killed a naga sharpshooter
  2532 | D        | Noticed a centaur warrior
  2537 | D        | Killed a centaur warrior
  2594 | D        | Noticed Joseph
  2594 | D        | Noticed a swamp dragon
  2597 | D        | Killed a swamp dragon
  2599 | D        | Killed Joseph
  2613 | D        | Noticed an electric golem
  2620 | D        | Killed an electric golem
  2620 | D        | Reached XP level 12. HP: 118/122 MP: 12/24
  2634 | D        | Noticed an ice dragon
  2634 | D        | Noticed a quicksilver dragon
  2647 | D        | Noticed a vampire mage
  2647 | D        | Killed a quicksilver dragon
  2647 | D        | Reached skill level 15 in Long Blades
  2647 | D        | Reached skill level 15 in Armour
  2647 | D        | Reached skill level 15 in Shields
  2649 | D        | Killed an ice dragon
  2652 | D        | Killed a vampire mage
  2662 | D        | Noticed a nagaraja
  2664 | D        | Noticed a nagaraja
  2664 | D        | Noticed a black draconian shifter
  2664 | D        | Killed a nagaraja
  2666 | D        | Noticed a deep elf annihilator
  2668 | D        | Noticed a deep elf sorcerer
  2668 | D        | Killed a black draconian shifter
  2670 | D        | Killed a deep elf annihilator
  2683 | D        | Killed a deep elf sorcerer
  2683 | D        | Reached XP level 13. HP: 114/133 MP: 0/26
  2697 | D        | Killed a nagaraja
  2904 | D        | Noticed a deep elf demonologist
  2906 | D        | Noticed a lich
  2906 | D        | Noticed a deep elf annihilator
  2907 | D        | Noticed a lich
  2909 | D        | Killed a lich
  2910 | D        | Killed a deep elf annihilator
  2912 | D        | Killed a deep elf demonologist
  2913 | D        | Noticed an ettin
  2914 | D        | Noticed a deep elf annihilator
  2919 | D        | Slain by an ettin

Skill      XL: |  1  2  3  4  5  6  7  8  9 10 11 12 13 |
---------------+----------------------------------------+-----
Invocations    | 1 3 5 6 9 10 11 12 14 16 18 | 18.9
Fighting       | 4 6 7 9 10 11 12 14 16 17 18 | 18.0
Long Blades    | 3 5 6 8 9 10 11 12 14 16 | 16.6
Armour         | 4 5 6 8 9 10 11 12 14 16 | 16.6
Shields        | 4 5 6 8 9 10 11 12 14 16 | 16.6

Action                   |  1- 3 |  4- 6 |  7- 9 | 10-12 | 13-15 || total
-------------------------+-------+-------+-------+-------+-------++-------
Melee: Long sword        |    50 |    34 |    27 |       |       ||   111
       Scimitar          |       |       |    10 |    60 |    15 ||    85
Invok: Smiting           |     2 |     2 |    16 |    67 |     6 ||    93
       Give Item to Name |       |       |       |     1 |       ||     1
  Use: Potion            |     2 |       |       |    21 |     2 ||    25
       Scroll            |       |       |       |     7 |       ||     7
 Stab: Distracted        |       |       |       |     1 |       ||     1
  Eat: Meat ration       |       |       |     2 |       |       ||     2
Armor: Scale mail        |    13 |       |       |       |       ||    13
       Chain mail        |     6 |    14 |    23 |    45 |     5 ||    93
Dodge: Dodged            |    12 |     4 |    17 |    28 |     2 ||    63
Block: Shield            |    22 |    13 |    30 |    66 |     8 ||   139
       Rpst.: Long sword |     5 |       |     4 |       |       ||     9
       Scimitar          |       |       |     1 |     7 |       ||     8
